 Dungeon Crawl Stone Soup version 0.18-a0-1577-gf591c28 (webtiles) character file.

522 Duffy the Slasher (level 7, 52/52 HPs)
             Began as a Demonspawn Berserker on Mar 20, 2016.
             Was a Priest of Trog.
             Quit the game on level 4 of the Dungeon.
             The game lasted 00:04:09 (2803 turns).

Duffy the Slasher (Demonspawn Berserker)            Turns: 2803, Time: 00:04:09

Health: 52/52      AC: 10    Str: 14    XL:     7   Next: 1%
Magic:  7/7        EV:  7    Int:  9    God:    Trog [***...]
Gold:   68         SH:  0    Dex: 21    Spells: 0 memorised, 6 levels left

rFire  . . .     SeeInvis .     a - +0 falchion
rCold  + . .     Gourm    .     z - +0 chain mail {rPois}
rNeg   + . .     Faith    .     (no shield)
rPois  +         Spirit   .     (no helmet)
rElec  .         Dismiss  .     q - +0 cloak
rCorr  +         Reflect  .     G - +0 pair of gloves of Crawling {rN+ rCorr Str-3 Dex+7}
SustAt .         Harm     .     (no boots)
MR     .....                    (no amulet)
Stlth  ..........               r - ring of protection from cold
                                p - ring of poison resistance

@: not resistant to hostile enchantments, extremely unstealthy
A: powered by death 1, powered by pain 1
a: Berserk, Trog's Hand, Burn Spellbooks, Renounce Religion


You were on level 4 of the Dungeon.
You worshipped Trog.
Trog was most pleased with you.
You were not hungry.

You visited 1 branch of the dungeon, and saw 4 of its levels.

You collected 68 gold pieces.


Innate Abilities, Weirdness & Mutations

You regenerate a little health from kills.
You sometimes gain a little power by taking damage.


   Skills:
 - Level 3.0 Fighting
 + Level 7.3 Long Blades
 - Level 1.7 Armour
 - Level 1.7 Dodging


You had 6 spell levels left.
You didn't know any spells.

Inventory:

Hand Weapons
 a - a +0 falchion (weapon)
Missiles
 h - 8 silver javelins (quivered)
 k - a throwing net
 m - 14 poisoned needles
 x - 2 curare-tipped needles
Armour
 b - a +0 animal skin
 i - a +0 ring mail
 q - a +0 cloak (worn)
 z - a +0 chain mail of poison resistance (worn)
 G - the +0 pair of gloves of Crawling (worn) {rN+ rCorr Str-3 Dex+7}

   It affects your strength (-3).
   It affects your dexterity (+7).
   It protects you from negative energy.
   It protects you from acid and corrosion.
Jewellery
 p - a ring of poison resistance (left hand)
 r - a ring of protection from cold (right hand)
Wands
 y - a wand of digging (7/24)
Scrolls
 e - a scroll of fog {unknown}
 f - 6 scrolls of identify {unknown}
 j - a scroll of fear {unknown}
 l - a scroll of enchant weapon {unknown}
 n - a scroll of teleportation {unknown}
 t - a scroll of enchant armour {unknown}
 u - a scroll of random uselessness {unknown}
 w - a scroll of amnesia {unknown}
 F - a scroll of remove curse {unknown}
Potions
 d - a potion of mutation {unknown}
 g - 3 potions of curing {unknown}
 o - 2 potions of might {unknown}
 s - a potion of cancellation {unknown}
 v - a potion of degeneration {unknown}
 B - a potion of agility {unknown}
 C - a potion of flight {unknown}
 E - a potion of resistance {unknown}
Comestibles
 c - 4 bread rations
 A - a meat ration
 D - 5 chunks of flesh

Dungeon Overview and Level Annotations

Branches:
Dungeon (4/15)
 Temple: D:4-7

Altars:
Fedhas
Kikubaaqudgha
Pakellas
Sif Muna
The Shining One


Message History

You feel yourself slow down.
You are feeling very hungry.
Things that are here:
a giant club; an ogre corpse You butcher the ogre corpse.
D - 7 chunks of flesh (gained 4)
You see here a giant club.
You feel less regenerative.
There is a stone staircase leading up here.
You start waiting.
Eating one of 7 chunks of flesh.
This raw flesh tastes terrible.
You are feeling hungry.
You continue eating. x2
Eating one of 6 chunks of flesh.
This raw flesh tastes terrible.
You continue eating. x2
You feel a little less mighty now.
You feel yourself speed up.
You see here a giant club.
E - a fuming dark potion
Found a cloak.
You feel less exhausted.
Found a stone staircase leading down.
Found a stone staircase leading up.
F - a scroll labeled CUGGIROQAT
Found 13 poisoned sling bullets.
You see here 13 poisoned sling bullets.
Found a pair of distressingly furry gloves.
You see here a pair of distressingly furry gloves.
G - a pair of distressingly furry gloves Wear which item? (? for menu, Esc to quit)
You start putting on your armour.
You continue putting on your pair of distressingly furry gloves. x4
You finish putting on the +0 pair of gloves of Crawling {rN+ rCorr Str-3 Dex+7}.
Found a stone staircase leading up.
Are you sure you want to abandon this character and quit the game? (Confirm with "yes".)

############
#######.#........#
#.......#........#
#................#
#................#######
#.....................(.
#................#######
..##..@.........#
##..#........# ##.
............... ..
..............#### #.
.....#..........# #.
#..###........... ###.
... #.......... .... ..
....<.... ###.
....#...).....


There were no monsters in sight!

Action                   |  1- 3 |  4- 6 |  7- 9 || total
-------------------------+-------+-------+-------++-------
Melee: Falchion          |    62 |   212 |     3 ||   277
Invok: Berserk           |     1 |     6 |       ||     7
  Eat: Chunk             |     1 |    11 |     2 ||    14

Notes
Turn   | Place    | Note
--------------------------------------------------------------
     0 | D:1      | Duffy the Demonspawn Berserker began the quest for the Orb.
     0 | D:1      | Reached XP level 1. HP: 18/18 MP: 1/1
    49 | D:1      | Reached skill level 3 in Long Blades
   282 | D:1      | Gained mutation: You regenerate a little health from kills. [demonic ancestry]
   282 | D:1      | Reached XP level 2. HP: 24/24 MP: 2/2
   679 | D:2      | Noticed Jessica
   692 | D:2      | Killed Jessica
   692 | D:2      | Reached skill level 4 in Long Blades
   692 | D:2      | Reached XP level 3. HP: 29/29 MP: 3/3
   779 | D:2      | Reached ** piety under Trog
   866 | D:2      | Found a glowing golden altar of the Shining One.
   909 | D:2      | Reached XP level 4. HP: 35/35 MP: 4/4
  1635 | D:3      | Reached skill level 5 in Long Blades
  1649 | D:3      | Reached XP level 5. HP: 41/41 MP: 5/5
  1692 | D:3      | Found an oddly glowing altar of Pakellas.
  1844 | D:3      | Found a blossoming altar of Fedhas.
  2046 | D:3      | Reached *** piety under Trog
  2079 | D:3      | Found an ancient bone altar of Kikubaaqudgha.
  2092 | D:3      | Found a deep blue altar of Sif Muna.
  2367 | D:4      | Reached skill level 6 in Long Blades
  2376 | D:4      | Noticed Natasha
  2397 | D:4      | Killed Natasha
  2397 | D:4      | Gained mutation: You sometimes gain a little power by taking damage. [demonic ancestry]
  2397 | D:4      | Reached XP level 6. HP: 47/47 MP: 6/6
  2435 | D:4      | Noticed Natasha
  2453 | D:4      | Killed Natasha
  2531 | D:4      | Noticed Natasha
  2537 | D:4      | Killed Natasha
  2700 | D:4      | Reached skill level 7 in Long Blades
  2703 | D:4      | Reached XP level 7. HP: 52/52 MP: 7/7
  2795 | D:4      | Got a pair of distressingly furry gloves
  2801 | D:4      | Identified the +0 pair of gloves of Crawling {rN+ rCorr Str-3 Dex+7} (You found it on level 4 of the Dungeon)
  2803 | D:4      | Quit the game

Vault maps used:
D:1:      minmay_arrival_shattered_statue
D:2:      lemuel_coloured_pillars_altar, serial_forest,
          infiniplex_forest_corner_2, infiniplex_forest_clump_small,
          infiniplex_forest_corner_1, infiniplex_forest_end_1,
          infiniplex_forest_end_double, infiniplex_forest_straight_4,
          infiniplex_forest_clump_C, infiniplex_forest_diagonal,
          infiniplex_forest_lined_3, uniq_jessica
D:3:      nicolae_overflow_hidden_temple, first_bread, fedhas_altar_1
D:4:      uniq_natasha

Vanquished Creatures
  An ogre
  A water moccasin skeleton
  An orc priest
  5 orc wizards
  Jessica Natasha (thrice)
  A worker ant
  An adder
  2 oozes
  An adder skeleton
  2 worms
  3 dart slugs
  5 giant geckos
  8 orcs
  4 giant cockroaches
  10 goblins
  10 hobgoblins
  4 kobolds
  A quokka
  2 bats
  A giant newt
  7 rats
74 creatures vanquished.
